 Dungeon Crawl Stone Soup version 0.31-a0-986-g5e6e4ef867 (webtiles) character file.

Game seed: 15932778579596817678

87 NinjaNoafa the Cudgeller (level 4, -27/35 HPs)
             Began as a Demonspawn Berserker on Nov 7, 2023.
             Was a Believer of Trog.
             Annihilated by an ogre
             ... wielding a +0 giant spiked club
              (32 damage)
             ... on level 3 of the Dungeon on Nov 8, 2023.
             The game lasted 00:05:10 (1931 turns).

NinjaNoafa the Cudgeller (Demonspawn Berserker)     Turns: 1931, Time: 00:05:11

Health: -27/35     AC:  9    Str: 23    XL:     4   Next: 28%
Magic:  1/1        EV: 10    Int:  9    God:    Trog [**....]
Gold:   136        SH:  0    Dex: 17    Spells: 3/3 levels left

rFire   . . .        a - +5 mace "Carocasa" {antimagic, *Corrode +Blink Dex+3}
rCold   . . .        (no shield)
rNeg    . . .        d - +0 scale mail
rPois   .            h - +0 helmet
rElec   .            (no cloak)
rCorr   +            (no gloves)
SInv    .            m - +1 pair of boots
Will    .....        (no amulet) Stlth
                     f - +6 ring of strength
HPRegen 0.25/turn    g - ring of resist corrosion
MPRegen 0.07/turn

%: corrode self (3%)
@: no status effects
A: ignite blood 1
a: Renounce Religion, Evoke Blink, Berserk, Trog's Hand


You were on level 3 of the Dungeon.
You worshipped Trog.
Trog was pleased with you.
You visited 1 branch of the dungeon, and saw 3 of its levels.

You collected 136 gold pieces.

Inventory:

Hand Weapons
 a - the +5 mace "Carocasa" (weapon) {antimagic, *Corrode +Blink Dex+3}
   (You found it on level 3 of the Dungeon)

   Dex+3:     It affects your dexterity (+3).
   +Blink:    It lets you blink.
   *Corrode:  It may corrode you when you take damage.
 b - a +0 mace
 c - a +0 short sword of venom
Missiles
 k - 2 boomerangs
 u - 5 poisoned darts
Armour
 d - a +0 scale mail (worn)
 h - a +0 helmet (worn)
 m - a +1 pair of boots (worn)
 t - an orb of guile
Jewellery
 f - a +6 ring of strength (left hand)
 g - a ring of resist corrosion (right hand)
Talismans
 n - a blade talisman
Scrolls
 l - a scroll of fog {unknown}
 o - a scroll of poison {unknown}
 p - a scroll of blinking {unknown}
 q - a scroll of enchant armour {unknown}
 r - a scroll of torment {unknown}
 s - a scroll of immolation {unknown}
Potions
 e - a potion of heal wounds {unknown}
 i - 2 potions of lignification {unknown}
 j - a potion of degeneration {unknown}
 v - a potion of curing {unknown}
 w - 2 potions of invisibility {unknown}
 x - a potion of brilliance {unknown}


   Skills:
 - Level 3.0 Fighting
 - Level 3.3 Maces & Flails
 - Level 2.3 Armour
 - Level 1.7 Dodging
 + Level 2.3 Shapeshifting


You had 3 spell levels left.
You didn't know any spells.
Your spell library was empty.

Dungeon Overview and Level Annotations

Branches:
Dungeon (3/15) Zot: 16037

Altars:


Innate Abilities, Weirdness & Mutations

Your demonic aura sometimes causes spilled blood to erupt in flames.


Message History

The endoplasm barely misses you.
You hit the endoplasm but do no damage. The endoplasm freezes you.
You are frozen.
The endoplasm jiggles.
The endoplasm freezes you.
You are frozen.
You take 4 damage, and have 31/35 hp.
You thump the endoplasm!
You kill the endoplasm!
Trog accepts your kill.
u - 5 poisoned darts (gained 3)
Things that are here:
a +0 whip; a kobold corpse You see here a ball python corpse.
x - a fuming dark potion An ogre comes into view.
It is wielding a +0 giant spiked club.
Health restored: 35 An ogre is nearby!
Okay, then.
Unknown command.
Unknown command.
You barely miss the ogre.
The ogre hits you with a +0 giant spiked club!
You take 7 damage, and have 28/35 hp.
Okay, then.
You hit the ogre. The ogre barely misses you.
Okay, then.
You hit the ogre. You hit the ogre. The ogre closely misses you.
You hit the ogre.
The ogre hits you with a +0 giant spiked club!!
Ouch! That really hurt!
* * * LOW HITPOINT WARNING * * *
You take 25 damage, and have 4/35 hp.
MASSIVE DAMAGE!!
Okay, then.
The ogre attacks as it pursues you!
The ogre hits you with a +0 giant spiked club!!
Ouch! That really hurt!
You die...

######.# #####...##.#
### #>.......... ..#
#...@.#.##.# #)#
#..°O.#.##.# #.#
#.#.#.#.##.# #.#
#.#.#...##.# #.####
#.#.#....†)#####....#
#.#.##....)..........
#.#.################.
#.#......## #.
#.......... ##


You could see an ogre.

Vanquished Creatures
  3 adders
  A worm (D:2)
  5 dart slugs
  5 endoplasms
  2 giant cockroaches (D:1)
  2 goblins (D:3)
  2 hobgoblins (D:1)
  6 kobolds
  7 ball pythons
  5 bats
  7 frilled lizards
  7 rats
52 creatures vanquished.

Vanquished Creatures (others)
  A ball python (D:1)
1 creature vanquished.

Grand Total: 53 creatures vanquished

Notes
Turn   | Place    | Note
-------+----------+-------------------------------------------
     0 | D:1      | NinjaNoafa the Demonspawn Berserker began the quest for the
                  | Orb.
     0 | D:1      | Reached XP level 1. HP: 18/18 MP: 1/1
   308 | D:1      | Gained mutation: Your demonic aura sometimes causes spilled
                  | blood to erupt in flames. [demonic ancestry]
   308 | D:1      | Reached XP level 2. HP: 19/24 MP: 2/2
   839 | D:2      | Found a faded altar of an unknown god.
  1101 | D:2      | Reached XP level 3. HP: 26/29 MP: 3/3
  1118 | D:2      | Reached ** piety under Trog
  1157 | D:2      | Reached skill level 1 in Shapeshifting
  1368 | D:2      | Reached XP level 4. HP: 35/35 MP: 4/4
  1782 | D:3      | Identified the +5 mace "Carocasa" {antimagic, *Corrode
                  | +Blink Dex+3}
  1912 | D:3      | Noticed an ogre
  1931 | D:3      | Annihilated by an ogre

Illustrated notes

Levels and vault maps discovered:
D:1:      dpeg_arrival_rhombi, layout_basic
D:2:      minmay_skewed_foursquare, layout_basic,
          hellmonk_ecumenical_altar_lost_god, kennysheep_generic_room_6
D:3:      layout_basic

Skill      XL: |  1  2  3  4 |
---------------+-------------+-----
Maces & Flails | 3 |  3.3
Armour         | 2 |  2.3
Shapeshifting  | 1 2 |  2.3
Fighting       | |  3.0
Dodging        | |  1.7

Action                     |  1- 3 |  4- 6 || total
---------------------------+-------+-------++-------
  Melee: Mace              |    98 |    37 ||   135
         Punch             |       |     1 ||     1
 Armour: Animal skin       |    13 |       ||    13
         Scale mail        |    64 |    25 ||    89
  Dodge: Dodged            |    88 |    39 ||   127
         Form:             |     1 |       ||     1
         Blade             |     1 |       ||     1

Table legend: (Time is in decaauts)
 A = Elapsed time spent in this place.
 B = Non-inter-level travel time spent in this place.
 C = Inter-level travel time spent in this place.
 D = Time resting spent in this place.
 E = Time spent auto-exploring this place.
 F = Levels seen in this place.
 G = Mean time per level.
                   A        B        C        D        E       F      G
               +--------+--------+--------+--------+--------+-----+--------+
         Total |   1961 |   1795 |    166 |    118 |   1203 |   3 |  653.7 |
       Dungeon |   1961 |   1795 |    166 |    118 |   1203 |   3 |  653.7 |
               +--------+--------+--------+--------+--------+-----+--------+

Top non-repeatable levels by time:
     D:2: 875 daAuts
     D:1: 809 daAuts
     D:3: 275 daAuts
